 Dungeon Crawl Stone Soup version 0.31-a0-523-g071a6c1ffa (webtiles) character file.

Game seed: 10727129582219795515

173 bcImEvil the Covered (level 5, 0/33 (34) HPs)
             Began as a Human Wanderer on Aug 12, 2023.
             Slain by an adder (3 damage)
             ... on level 4 of the Dungeon.
             The game lasted 00:17:57 (4347 turns).

bcImEvil the Covered (Human Wanderer)               Turns: 4347, Time: 00:17:58

HP:   0/33 (34)     AC:  1    Str: 12 (13) XL:     5   Next: 83%
MP:   6/6           EV: 11    Int: 14      God:
Gold: 176           SH:  4    Dex: 12      Spells: 4/6 levels left

rFire   . . .        c - +0 trident
rCold   . . .        b - +0 buckler
rNeg    . . .        (no body armour)
rPois   .            (no helmet)
rElec   .            (no cloak)
rCorr   .            (no gloves)
SInv    .            m - +0 pair of boots
Will    +....        (no amulet)
Stlth   ++           (no ring)
HPRegen 0.25/turn    (no ring)
MPRegen 0.10/turn

%: no passive effects
@: lethally poisoned (0 -> -9), enlightened, flying, lightly drained
A: frail 1, noise suppression
a: no special abilities


You were on level 4 of the Dungeon.
You visited 1 branch of the dungeon, and saw 4 of its levels.

You collected 176 gold pieces.

Inventory:

Hand Weapons
 a - a +0 dagger
 c - a +0 trident (weapon)
 j - a +0 short sword
 r - a +4 whip
 u - a +0 flail
 x - a +0 long sword
Missiles
 f - 2 javelins (quivered)
Armour
 b - a +0 buckler (worn)
 d - a +0 chain mail
 e - a scarf of harm
 l - a +0 ring mail
 m - a +0 pair of boots (worn)
 w - a +0 scale mail
Jewellery
 n - a ring of magical power
Scrolls
 g - 3 scrolls of amnesia {unknown}
 h - a scroll of enchant weapon {unknown}
 k - 3 scrolls of teleportation {unknown}
 p - 3 scrolls of immolation {unknown}
 q - a scroll of poison {unknown}
 t - a scroll of enchant armour {unknown}
 A - a scroll of silence {unknown}
Potions
 i - a potion of magic
 o - a potion of degeneration
 v - 2 potions of lignification {unknown}
 z - a potion of berserk rage {unknown}


   Skills:
 + Level 1.9 Fighting
 + Level 1.4 Short Blades
 + Level 0.1 Maces & Flails
 + Level 1.9 Polearms
 + Level 0.6 Throwing
 + Level 3.5 Armour
 + Level 2.3 Dodging
 + Level 1.1 Stealth
 + Level 3.4 Shields
 + Level 1.0 Spellcasting
 + Level 1.0 Necromancy


You had 4 spell levels left.
You knew the following spells:

 Your Spells              Type           Power      Damage    Failure   Level
a - Cigotuvi's Dreadful   Necr/Pois/Air  2%         N/A       43%         2

Your spell library contained the following spells:

 Spells                   Type           Power      Damage    Failure   Level
 Slow                     Hex            0%         N/A       34%         1
 Sublimation of Blood     Necr           3%         N/A       34%         2
 Vampiric Draining        Necr           3%         2d6       56%         3
 Confusing Touch          Hex            0%         N/A       71%         3
 Dazzling Flash           Conj/Hex       0%         N/A       71%         3
 Ignite Poison            Fire/Tmut/Pois 0%         N/A       71%         3
 Agony                    Necr           3%         N/A       100%        5
 Freezing Cloud           Conj/Ice/Air   0%         6-21      100%        5
 Silence                  Hex/Air        0%         N/A       100%        5


Dungeon Overview and Level Annotations

Branches:
Dungeon (4/15)
 Temple: D:4-7

Altars:
Kikubaaqudgha
Ru
Sif Muna
Uskayaw

Annotations:
D:4 2 transporters, exclusions: iguana, orc wizard and sleepcap


Innate Abilities, Weirdness & Mutations

You are frail. (-10% HP)
You passively dampen the noise of your surroundings.


Message History

The adder is heavily wounded.
The adder bites you. x2
You are poisoned.
The adder poisons you!
You miss the adder.
The adder is heavily wounded.
You feel sick. You block the adder's attack.
You closely miss the adder.
The adder is moderately wounded.
You feel sick. The adder bites you. You block the adder's attack.
You closely miss the adder.
The adder is moderately wounded.
You feel sick. The adder closely misses you. The adder barely misses you.
You closely miss the adder.
The adder is moderately wounded.
You feel sick.
You are no longer poisoned.
The adder bites you but does no damage.
You barely miss the adder.
The adder is moderately wounded.
The adder bites you.
You are poisoned.
The adder poisons you! The adder bites you.
You are more poisoned.
The adder poisons you!
You closely miss the adder.
The adder is moderately wounded.
You feel very sick. The adder bites you.
* * * LOW HITPOINT WARNING * * *
The adder bites you.
* * * LOW HITPOINT WARNING * * *
You are more poisoned.
The adder poisons you!
It was a potion of enlightenment.
You feel very buoyant.
You fly up into the air.
* * * LOW HITPOINT WARNING * * *
You feel sick. The adder bites you.
You die...

#..#...# ..#._.# ((#...# #
##...# .... #. ....# ...
#.###..# .... ..#
##.##.....########....o ...
.......@.............>. #. #.#
##....S##.#######...... #.
#.#########. #.### #......
#.#+#.#..†..f.#. #...# ###.# #.#
#..<..#.#####.#. ###.# #...# #.#
#.........# #. #.###...# #.#
#....f..#.# #. ###.##....# #.##
##...####.# .. #.......#.###.#.
##.....#.########.#.....#.....#.


You could see an adder.

Vanquished Creatures
  An iguana (D:4)
  A sleepcap (D:4)
  6 adders
  A white imp (D:4)
  A worm (D:3)
  A dart slug (D:2)
  4 ball pythons
  5 endoplasms
  3 giant cockroaches
  4 goblins
  8 hobgoblins
  3 quokkas
  7 bats
  2 frilled lizards (D:2)
  5 kobolds
  9 rats
61 creatures vanquished.

Notes
Turn   | Place    | Note
-------+----------+-------------------------------------------
     0 | D:1      | bcImEvil the Human Wanderer began the quest for the Orb.
     0 | D:1      | bcImEvil set off with the following items: a +0 dagger, a
                  | +0 buckler, a scroll of blinking, a +0 chain mail; and the
                  | following spells available to memorise: Cigotuvi's Dreadful
                  | Rot, Sublimation of Blood.
     0 | D:1      | Reached XP level 1. HP: 15/15 MP: 2/2
   407 | D:1      | Reached XP level 2. HP: 21/21 MP: 3/3
   428 | D:1      | Learned a level 2 spell: Cigotuvi's Dreadful Rot
   869 | D:1      | Reached XP level 3. HP: 7/26 MP: 4/4
  1180 | D:1      | Found a faded altar of an unknown god.
  1181 | D:1      | Noticed an eye of devastation
  1184 | D:1      | Noticed a great orb of eyes
  1184 | D:1      | Noticed an eye of devastation
  1184 | D:1      | Noticed an eye of devastation
  1649 | D:2      | Reached skill level 1 in Short Blades
  1697 | D:2      | Found an ancient bone altar of Kikubaaqudgha.
  2431 | D:2      | Reached XP level 4. HP: 8/32 MP: 5/5
  2432 | D:2      | Gained mutation: You are frail. (-10% HP) [potion of
                  | mutation]
  2432 | D:2      | Gained mutation: You passively dampen the noise of your
                  | surroundings. [potion of mutation]
  2435 | D:2      | HP: 1/28 [poisoned by an adder]
  2655 | D:2      | Reached skill level 1 in Stealth
  3292 | D:3      | Found a shimmering blue altar of Sif Muna.
  3631 | D:4      | Reached XP level 5. HP: 17/32 MP: 6/6
  3792 | D:4      | Reached skill level 1 in Polearms
  3980 | D:4      | Found a transporter.
  4023 | D:4      | Found a transporter.
  4099 | D:4      | Found a sacrificial altar of Ru.
  4333 | D:4      | Noticed a +0 hand axe
  4334 | D:4      | Found a hide-covered altar of Uskayaw.
  4334 | D:4      | Noticed a +0 hand axe
  4347 | D:4      | Slain by an adder

Illustrated notes

Levels and vault maps discovered:
D:1:      psy_arrival_radial01, layout_loops_corners,
          hellmonk_ecumenical_altar_watching_god, minmay_bisected
D:2:      layout_basic, basic_altar, hex_medium, chequers_serial_rivers_small_3
D:3:      layout_basic, lemuel_crystal_altar
D:4:      layout_basic, marbit_many_paths, mainiacjoe_overflow_alcove_4,
          dancing_weapons_uskayaw, temple_doors_e, gammafunk_ghost_gnarly_gnolls

Skill      XL: |  1  2  3  4  5 |
---------------+----------------+-----
Short Blades   | 1 |  1.4
Stealth        | 1 |  1.1
Polearms       | 1 |  1.9
Dodging        | 2 |  2.3
Fighting       | |  1.9
Maces & Flails | |  0.1
Throwing       | |  0.6
Armour         | |  3.5
Shields        | |  3.4
Spellcasting   | |  1.0
Necromancy     | |  1.0

Action                     |  1- 3 |  4- 6 || total
---------------------------+-------+-------++-------
  Melee: Dagger            |    13 |     1 ||    14
         Short sword       |   101 |    18 ||   119
         Trident           |    29 |   110 ||   139
         Whip              |     7 |       ||     7
  Throw: Stone             |    12 |     2 ||    14
         Javelin           |     3 |       ||     3
   Cast: Cigotuvi's Dreadf |       |     3 ||     3
    Use: Scroll            |     1 |       ||     1
         Potion            |       |     7 ||     7
   Stab: Sleeping          |     3 |     2 ||     5
 Armour: Chain mail        |    13 |       ||    13
         Skin              |     4 |    12 ||    16
  Dodge: Dodged            |    58 |    55 ||   113
  Block: Buckler           |    31 |    18 ||    49

Table legend: (Time is in decaauts)
 A = Elapsed time spent in this place.
 B = Non-inter-level travel time spent in this place.
 C = Inter-level travel time spent in this place.
 D = Time resting spent in this place.
 E = Time spent auto-exploring this place.
 F = Levels seen in this place.
 G = Mean time per level.
                   A        B        C        D        E       F      G
               +--------+--------+--------+--------+--------+-----+--------+
         Total |   4372 |   4236 |    136 |   1177 |   2070 |   4 | 1093.0 |
       Dungeon |   4372 |   4236 |    136 |   1177 |   2070 |   4 | 1093.0 |
               +--------+--------+--------+--------+--------+-----+--------+

Top non-repeatable levels by time:
     D:1: 1544 daAuts
     D:2: 1226 daAuts
     D:3: 865 daAuts
     D:4: 736 daAuts
